 Dungeon Crawl Stone Soup version 0.26.1-11-gd32895ea62 (webtiles) character file.

Game seed: 10124443364653404031

237 JuniperTheExplorer the Grasshopper (level 6, -1/50 HPs)
             Began as a Gnoll Warper on May 11, 2021.
             Slain by a gnoll
             ... wielding a +0 halberd
              (2 damage)
             ... on level 2 of the Dungeon.
             The game lasted 00:21:52 (2887 turns).

JuniperTheExplorer the Grasshopper (Gnoll Warper)   Turns: 2887, Time: 00:21:52

Health: -1/50      AC:  2    Str: 14    XL:     6   Next: 6%
Magic:  13/13      EV: 15    Int: 16    God:
Gold:   67         SH:  0    Dex: 15    Spells: 15/15 levels left

rFire    + . .     SeeInvis .   a - +0 falchion
rCold    x . .     Faith    .   (no shield)
rNeg     . . .     Spirit   .   m - +0 robe
rPois    .         Reflect  .   (no helmet)
rElec    .         Harm     .   (no cloak)
rCorr    .         Rampage  .   (no gloves)
Will     .....                  (no boots)
Stlth    ++........             (no amulet)
HPRegen  0.16/turn              g - ring of fire
MPRegen  0.13/turn              (no ring)

@: no status effects
A: distributed training, fangs 1, strong nose
a: no special abilities


You were on level 2 of the Dungeon.
You visited 1 branch of the dungeon, and saw 2 of its levels.

You collected 67 gold pieces.

Inventory:

Hand Weapons
 a - a +0 falchion (weapon)
 j - a +0 flail of holy wrath
Missiles
 e - 5 boomerangs of dispersal
Armour
 f - a +0 scale mail
 m - a +0 robe (worn)
Jewellery
 g - a ring of fire (left hand)
Wands
 b - a wand of flame (23) (quivered)
Scrolls
 c - 2 scrolls of identify
 d - a scroll of blinking
 h - 2 scrolls of remove curse
 k - a scroll of teleportation
Potions
 i - a potion of cancellation {unknown}


   Skills:
 + Level 4.9 Fighting
 + Level 1.8 Short Blades
 + Level 4.9 Long Blades
 + Level 1.8 Axes
 + Level 1.8 Maces & Flails
 + Level 1.8 Polearms
 + Level 1.8 Staves
 + Level 1.8 Slings
 + Level 1.8 Bows
 + Level 1.8 Crossbows
 + Level 3.1 Throwing
 + Level 3.1 Armour
 + Level 4.9 Dodging
 + Level 1.8 Stealth
 + Level 1.8 Shields
 + Level 1.8 Unarmed Combat
 + Level 5.3 Spellcasting
 + Level 1.4 Conjurations
 + Level 1.4 Hexes
 + Level 1.4 Summonings
 + Level 1.4 Necromancy
 + Level 5.6 Translocations
 + Level 1.4 Transmutations
 + Level 1.4 Fire Magic
 + Level 1.4 Ice Magic
 + Level 1.4 Air Magic
 + Level 1.4 Earth Magic
 + Level 1.4 Poison Magic
 + Level 2.0 Invocations
 + Level 1.8 Evocations


You had 15 spell levels left.
You didn't know any spells.
Your spell library contained the following spells:

 Spells                   Type           Power        Failure   Level
 Blink                    Tloc           N/A          2%          2
 Gell's Gravitas          Tloc           11%          4%          3
 Lesser Beckoning         Tloc           11%          4%          3
 Teleport Other           Tloc           22%          4%          3
 Passage of Golubria      Tloc           N/A          14%         4


Dungeon Overview and Level Annotations

Branches:
Dungeon (2/15)

Altars:


Innate Abilities, Weirdness & Mutations

Your experience applies equally to all skills.
You have very sharp teeth.
Your uncanny sense of smell can sniff out nearby items.


Message History

The gnoll misses you.
You hit the gnoll.
The gnoll is lightly wounded.
The gnoll hits you!
* * * LOW HITPOINT WARNING * * *
The gnoll completely misses you.
You riposte.
You hit the gnoll.
You kill the gnoll!
You completely miss the gnoll. You bite the gnoll, but do no damage.
The gnoll is lightly wounded.
The gnoll closely misses you.
You hit the gnoll.
The gnoll is heavily wounded.
The gnoll hits you!
* * * LOW HITPOINT WARNING * * *
The gnoll hits you from afar with a +0 halberd.
* * * LOW HITPOINT WARNING * * *
The gnoll hits you.
* * * LOW HITPOINT WARNING * * *
The gnoll hits you with a +0 halberd.
You die...

#......#........# #.#
#......'........# #.#
#......####.....#########.#
#......# #####...........#
#......###### ###############
#.#'#........ ........
#.#.#.######################.
#.#.#.#......g...............
#.#.#.#....g@.).############.
#.#.#.#..######.# #........
#.#.#.#.. #.# #.######.
#.#.#.#.. #g. #.#<..##.
#.#.#.#.. #### #.###.##.
#.#.#.#.. #.#...... #.#.#.##.
#.#.#.### #.#.#.# #.#.#....
#.#.#.###############.#.#####


You could see 2 gnolls.

Vanquished Creatures
  Sigmund (D:2)
  Terence (D:2)
  A gnoll (D:2)
  A worm (D:2)
  A dart slug (D:2)
  A leopard gecko (D:1)
  4 bats
  4 giant cockroaches
  6 goblins
  6 hobgoblins
  4 kobolds (D:1)
  A quokka (D:2)
  A frilled lizard (D:2)
  2 rats
34 creatures vanquished.

Vanquished Creatures (others)
  4 plants (D:1)
4 creatures vanquished.

Grand Total: 38 creatures vanquished

Notes
Turn   | Place    | Note
-------+----------+-------------------------------------------
     0 | D:1      | JuniperTheExplorer the Gnoll Warper began the quest for the
                  | Orb.
     0 | D:1      | Reached XP level 1. HP: 20/20 MP: 6/6
    72 | D:1      | Reached XP level 2. HP: 17/26 MP: 7/7
   669 | D:1      | Reached XP level 3. HP: 31/31 MP: 9/9
  1352 | D:2      | Reached skill level 5 in Spellcasting
  1362 | D:2      | Noticed Terence
  1379 | D:2      | HP: 1/31 [Terence/+0 hand axe (3)]
  1383 | D:2      | Killed Terence
  1384 | D:2      | Reached skill level 1 in Short Blades
  1384 | D:2      | Reached skill level 1 in Axes
  1384 | D:2      | Reached skill level 1 in Maces & Flails
  1384 | D:2      | Reached skill level 1 in Polearms
  1384 | D:2      | Reached skill level 1 in Staves
  1384 | D:2      | Reached skill level 1 in Slings
  1384 | D:2      | Reached skill level 1 in Bows
  1384 | D:2      | Reached skill level 1 in Crossbows
  1384 | D:2      | Reached skill level 1 in Stealth
  1384 | D:2      | Reached skill level 1 in Shields
  1384 | D:2      | Reached skill level 1 in Unarmed Combat
  1384 | D:2      | Reached skill level 1 in Invocations
  1384 | D:2      | Reached skill level 1 in Evocations
  1834 | D:2      | Reached XP level 4. HP: 38/38 MP: 11/11
  2246 | D:2      | Noticed Sigmund
  2280 | D:2      | Killed Sigmund
  2281 | D:2      | Reached skill level 1 in Conjurations
  2281 | D:2      | Reached skill level 1 in Hexes
  2281 | D:2      | Reached skill level 1 in Summonings
  2281 | D:2      | Reached skill level 1 in Necromancy
  2281 | D:2      | Reached skill level 1 in Transmutations
  2281 | D:2      | Reached skill level 1 in Fire Magic
  2281 | D:2      | Reached skill level 1 in Ice Magic
  2281 | D:2      | Reached skill level 1 in Air Magic
  2281 | D:2      | Reached skill level 1 in Earth Magic
  2281 | D:2      | Reached skill level 1 in Poison Magic
  2281 | D:2      | Reached XP level 5. HP: 9/43 MP: 12/12
  2281 | D:2      | Reached XP level 6. HP: 10/50 MP: 13/13
  2886 | D:2      | HP: 2/50 [gnoll/+0 halberd (3)]
  2887 | D:2      | Slain by a gnoll

Illustrated notes

Levels and vault maps discovered:
D:1:      minmay_arrival_three_doors, layout_basic, serial_bayou_pond_b
D:2:      layout_basic, uniq_sigmund, uniq_crazy_yiuf_cottage, uniq_terence

Skill      XL: |  1  2  3  4 |
---------------+-------------+-----
Spellcasting   | 5 |  5.3
Short Blades   | 1 |  1.8
Axes           | 1 |  1.8
Maces & Flails | 1 |  1.8
Polearms       | 1 |  1.8
Staves         | 1 |  1.8
Slings         | 1 |  1.8
Bows           | 1 |  1.8
Crossbows      | 1 |  1.8
Stealth        | 1 |  1.8
Shields        | 1 |  1.8
Unarmed Combat | 1 |  1.8
Invocations    | 1 2 |  2.0
Evocations     | 1 |  1.8
Throwing       | 3 |  3.1
Armour         | 3 |  3.1
Conjurations   | 1 |  1.4
Hexes          | 1 |  1.4
Summonings     | 1 |  1.4
Necromancy     | 1 |  1.4
Transmutations | 1 |  1.4
Fire Magic     | 1 |  1.4
Ice Magic      | 1 |  1.4
Air Magic      | 1 |  1.4
Earth Magic    | 1 |  1.4
Poison Magic   | 1 |  1.4
Fighting       | |  4.9
Long Blades    | |  4.9
Dodging        | |  4.9
Translocations | |  5.6

Action                   |  1- 3 |  4- 6 || total
-------------------------+-------+-------++-------
Melee: Falchion          |    82 |    14 ||    96
       Bite              |     7 |    10 ||    17
       Flail             |       |    35 ||    35
  Use: Scroll            |     3 |       ||     3
 Stab: Sleeping          |     1 |       ||     1
Armor: Leather armour    |     9 |       ||     9
       Scale mail        |     8 |    11 ||    19
Dodge: Dodged            |    78 |    50 ||   128
       Rpst.: Falchion   |    31 |     8 ||    39
